 Dungeon Crawl Stone Soup version 0.25-a0-697-g890751e744 (webtiles) character file.

Game seed: 15512987861732336522, levelgen mode: deterministic

0 Esekla the Skirmisher (level 1, 18/18 HPs)
             Began as a Formicid Abyssal Knight on Mar 31, 2020.
             Was an Initiate of Lugonu.
             Got out of the dungeon alive.
             The game lasted 00:02:32 (230 turns).

Esekla the Skirmisher (Formicid Abyssal Knight)      Turns: 230, Time: 00:02:32

Health: 18/18      AC:  3    Str: 16    XL:     1   Next: 11%
Magic:  2/2        EV: 11    Int: 11    God:    Lugonu [......]
Gold:   36         SH:  0    Dex: 10    Spells: 0/0 levels left

rFire    . . .     SeeInvis +   a - +1 falchion
rCold    . . .     Gourm    .   (no shield)
rNeg     . . .     Faith    .   b - +0 leather armour
rPois    .         Spirit   .   (helmet unavailable)
rElec    .         Reflect  .   (no cloak)
rCorr    .         Harm     .   (no gloves)
MR       .....                  (no boots)
Stlth    +.........             (no amulet)
HPRegen  0.06/turn              (no ring)
MPRegen  0.08/turn              (no ring)

@: no status effects
A: permanent stasis, dig shafts and tunnels, four strong arms, antennae 3
a: Dig, Shaft Self, Renounce Religion


You escaped.
You worshipped Lugonu.
Lugonu was noncommittal.
You were not hungry.

You visited 1 branch of the dungeon, and saw 1 of its levels.
You visited the Abyss 1 time.

You collected 36 gold pieces.

Inventory:

Hand Weapons
 a - a +1 falchion (weapon)
Armour
 b - a +0 leather armour (worn)
Scrolls
 d - 2 scrolls of identify {unknown}
 e - a scroll of remove curse {unknown}
Comestibles
 c - a ration


   Skills:
 * Level 3.3 Fighting
 + Level 2.0 Long Blades
 + Level 2.1 Armour
 + Level 0.8 Dodging
 + Level 2.1 Invocations


You couldn't memorise any spells.
You didn't know any spells.
Your spell library was empty.

Dungeon Overview and Level Annotations

Branches:
Dungeon (1/15)

Altars:


Innate Abilities, Weirdness & Mutations

You cannot be hasted, slowed, berserked, paralysed or teleported.
You can dig through walls and to a lower floor.
Your four strong arms can wield two-handed weapons with a shield.
You have a pair of large antennae on your head. (SInv)


Message History

The ophan turns its gaze towards you.
The ophan harnesses the cleansing power of fire!
The bolt of fire misses you.
You pass through the gate.
You can no longer depart the Abyss at will.
Found 28 gold pieces, 20 stones and a scroll labeled NEZOAB TOSOAJI.
There is a staircase leading out of the dungeon here.
You now have 26 gold pieces (gained 18).
You now have 36 gold pieces (gained 10).
There is a fountain of clear blue water here.
A rat comes into view.
You see here a scroll labeled NEZOAB TOSOAJI.
d - 2 scrolls labeled NEZOAB TOSOAJI (gained 1)
You hit the rat.
You kill the rat!
Lugonu accepts your kill.
You see here a rat corpse.
There is a staircase leading out of the dungeon here.
Are you sure you want to leave the Dungeon?
This will make you lose the game!
You have escaped!

####.####
###.......###
#.....⌠.....#
#..⌠...⌠..# #.......#
#.(⌠..# #...#
####...####
######....@....#######
.....................#
..⌠....⌠†....⌠....⌠..#
.....⌠....#....⌠.....#
#..⌠....#####....⌠..##
##....### ###....##
##.## ###.## # ##


There were no monsters in sight!

Vanquished Creatures
  A rat (D:1)
1 creature vanquished.

Notes
Turn   | Place    | Note
-------+----------+-------------------------------------------
     0 | Abyss:1  | Esekla the Formicid Abyssal Knight began the quest for the
                  | Orb.
     0 | Abyss:1  | Reached XP level 1. HP: 18/18 MP: 2/2
     1 | Abyss:1  | Found a corrupted altar of Lugonu,
    26 | Abyss:1  | Found a corrupted altar of Lugonu,
    80 | Abyss:1  | Found a corrupted altar of Lugonu,
   203 | Abyss:1  | Noticed an ophan
   205 | D:1      | Escaped the Abyss
   230 | D:$      | Got out of the dungeon alive.

Levels and vault maps discovered:
D:1:      dpeg_arrival_leaves_temple_mockup, layout_basic

Action                   || total
-------------------------++-------
Melee: Falchion          ||     1
Invok: Depart the Abyss  ||     1
Dodge: Dodged            ||     1

Table legend:
 A = Non-vault XP
 B = Vault XP
 C = Vault XP percentage of total XP
 D = Non-vault monster count
 E = Vault monster count
 F = Vault count percentage of total count
                 A         B        C        D         E       F
            +---------+---------+-------+---------+---------+-------
      Total |       1 |       0 |   0.0 |       1 |       0 |   0.0
            +---------+---------+-------+---------+---------+-------
        D:1 |       1 |       0 |   0.0 |       1 |       0 |   0.0
            +---------+---------+-------+---------+---------+-------
